cohdb
Replays
Latest Replays
All Replays
Popular Replays
Top Player Replays
Match Explorer
How It Works
Community
CoH3 Stats
Reddit
Sign in to upload your games and track your stats! →
Sign in with Steam
Match 45992194
Unlisted
Match 45992194
Overview
Messages
Build Orders
End
Pioneer Squad
Pioneer Squad
Selects Breakthrough Battlegroup
Selects Assault Grenadiers
Construct Infanterie Kompanie
MG 42 Machine Gun Team
MG 42 Machine Gun Team
Medical Station
Grenadier Squad
Construct Luftwaffe Kompanie
Flak 30 Anti-aircraft Gun Team
Luftwaffe Officer Quarters
Infanterie Officer Quarters
MG 42 Bunker
Pioneer Squad
Support Elements
Selects Breakthrough
Selects Mechanized Assault Group
Wirbelwind Flakpanzer
SturmTigerCobra
P3prime
Genki
Κατσίκα
0
0
Comments
sign in to comment!
No comments posted yet!